[Event "Team 45 45 League T88"]
[Site "Internet Chess Club"]
[Date "2021.05.14"]
[Round "6"]
[White "ascoli"]
[Black "Beetlejuice"]
[Result "0-1"]
[WhiteElo "1655"]
[BlackElo "1720"]
[Opening "Sicilian defense"]
[ECO "B30"]
[Time "14:05:40"]
[TimeControl "2700+45"]

1. e4 c5 2. Nf3 Nc6 3. d3 g6 4. g3 Bg7 5. Bg2 d6 6. O-O e5 7. Nbd2 Nge7 8. Nh4
O-O 9. f4 exf4 10. gxf4 f5 11. Nc4 Be6 12. Ne3 Rc8 13. exf5 Nxf5 14. Nhxf5 gxf5
15. Qh5 d5 16. Rf3 d4 17. Rh3 dxe3 18. Qxh7+ Kf7 19. Bxe3 Rh8 {White resigns}
0-1

[Event "Team 45 45 League T88"]
[Site "Internet Chess Club"]
[Date "2021.05.16"]
[Round "6"]
[White "CPTsopiens"]
[Black "oldsj"]
[Result "1-0"]
[WhiteElo "1734"]
[BlackElo "1369"]
[Opening "Sicilian: Scheveningen (Paulsen), classical variation"]
[ECO "B84"]
[Time "09:00:51"]
[TimeControl "2700+45"]

1. e4 c5 2. Nf3 d6 3. d4 cxd4 4. Nxd4 Nf6 5. Nc3 a6 6. Be2 e6 7. Be3 Be7 8. O-O
b5 9. f4 Qc7 10. Bf3 Bb7 11. a3 Nbd7 12. Qe2 Rc8 13. Nb3 O-O 14. Rfd1 Nb6 15.
Na5 Ba8 16. Rd2 Nc4 17. Nxc4 Qxc4 18. e5 Qxe2 19. Bxe2 dxe5 20. fxe5 Ne4 21.
Nxe4 Bxe4 22. c3 Bc5 23. Kf2 Bxe3+ 24. Kxe3 Bd5 25. a4 Bc4 26. Bf3 Rfd8 27.
Rxd8+ Rxd8 28. axb5 Bxb5 29. Bb7 Rd3+ 30. Kf4 Rd2 31. b3 Kf8 32. c4 Bd7 33. Rxa6
Rd3 34. Rd6 Rxd6 35. exd6 Ke8 36. c5 Kd8 37. c6 {Black resigns} 1-0

[Event "Team 45 45 League T88"]
[Site "Internet Chess Club"]
[Date "2021.05.16"]
[Round "6"]
[White "goldeen7"]
[Black "Lawkeito"]
[Result "1-0"]
[WhiteElo "1373"]
[BlackElo "1523"]
[Opening "Sicilian: Najdorf, Byrne (English) attack"]
[ECO "B90"]
[Time "15:00:21"]
[TimeControl "2700+45"]

1. e4 c5 2. Nf3 d6 3. d4 cxd4 4. Nxd4 Nf6 5. Nc3 a6 6. Be3 e5 7. Nb3 Be6 8. f3
Nbd7 9. Qd2 Rc8 10. O-O-O Nb6 11. Kb1 Nc4 12. Bxc4 Rxc4 13. Nd5 Bxd5 14. exd5
Be7 15. Na5 Rc8 16. g4 Qc7 17. Nb3 Nd7 18. Rhe1 Nb6 19. Bxb6 Qxb6 20. f4 f6 21.
fxe5 fxe5 22. Rf1 Qd8 23. Rf3 Rf8 24. Rdf1 Rc7 25. Qf2 Rxf3 26. Qxf3 Bg5 {Black
resigns} 1-0

[Event "Team 45 45 League T88"]
[Site "Internet Chess Club"]
[Date "2021.05.17"]
[Round "6"]
[White "Ajolote"]
[Black "MathMonkey"]
[Result "1-0"]
[WhiteElo "1976"]
[BlackElo "1395"]
[Opening "Ruy Lopez: 5.O-O"]
[ECO "C78"]
[Time "19:00:23"]
[TimeControl "2700+45"]

1. e4 e5 2. Nf3 Nc6 3. Bb5 a6 4. Ba4 Nf6 5. O-O b5 6. Bb3 Bc5 7. c3 d6 8. d4 Bb6
9. h3 Rf8 10. a4 Rb8 11. axb5 axb5 12. Na3 b4 13. Nc4 bxc3 14. bxc3 exd4 15. e5
dxe5 16. Ncxe5 Nxe5 17. Nxe5 Bb7 18. Ba3 Bd5 19. Re1 Ne4 20. Ba4+ c6 21. Nxc6
Qh4 22. Nxb8+ Kd8 23. Rxe4 Qxe4 24. Qg4 Qxg4 25. hxg4 Rh8 26. cxd4 h5 27. Nc6+
Kc7 28. Ne7 Bb7 29. Rc1+ Kb8 30. Bd6+ Ka7 31. Nc6+ Bxc6 32. Bxc6 Bxd4 33. Rc4
Kb6 34. Bd5 Bf6 35. Rb4+ Ka5 36. Rb8 Rxb8 37. Bxb8 hxg4 38. Bxf7 Kb4 39. Be6 Kc3
40. Bxg4 Kd2 41. Kh2 Kd3 42. Kg3 Ke4 43. f3+ Kd5 44. Kf4 Kd4 45. Kf5 Kd5 46. f4
Kd4 47. Be5+ Bxe5 48. fxe5 Kd5 49. Bf3+ Kc5 50. Kg6 Kb6 51. e6 Kc7 52. e7 Kd7
53. Kf7 g5 54. e8=Q+ Kd6 55. Qc6+ Ke5 56. g3 Kf5 57. Qd5# {Black checkmated} 1-0

[Event "Team 45 45 League T88"]
[Site "Internet Chess Club"]
[Date "2021.05.13"]
[Round "6"]
[White "Threehundreds"]
[Black "hipopotamos"]
[Result "0-1"]
[WhiteElo "1545"]
[BlackElo "1699"]
[Opening "Ruy Lopez: Schliemann defense"]
[ECO "C63"]
[Time "21:00:22"]
[TimeControl "2700+45"]

1. e4 e5 2. Nf3 Nc6 3. Bb5 f5 4. exf5 Nf6 5. O-O d6 6. d4 e4 7. Re1 d5 8. Ne5
Bd7 9. Bxc6 bxc6 10. Nc3 Bb4 11. Bd2 Bxc3 12. Bxc3 O-O 13. Bb4 Re8 14. Bc5 Qc8
15. g4 h6 16. h3 Nh7 17. Kg2 h5 18. f3 hxg4 19. hxg4 Bxf5 20. gxf5 Qxf5 21. fxe4
dxe4 22. Rf1 Qg5+ 23. Kf2 Nf6 24. Rg1 Qh4+ 25. Kf1 e3 26. Qe2 Ne4 27. Nf3 Ng3+
28. Rxg3 Qxg3 29. Qg2 e2+ 30. Kg1 e1=Q+ 31. Rxe1 Rxe1+ 32. Nxe1 Qxe1+ 33. Kh2
Re8 34. Kh3 Qe6+ 35. Qg4 Qh6+ 36. Kg2 Qd2+ 37. Kh3 Re3+ 38. Kh4 Qh2+ 39. Kg5
Qh6+ 40. Kf5 Qf6# {White checkmated} 0-1

[Event "Team 45 45 League T88"]
[Site "Internet Chess Club"]
[Date "2021.05.15"]
[Round "6"]
[White "manfredo"]
[Black "ChessG2011"]
[Result "1-0"]
[WhiteElo "1537"]
[BlackElo "1411"]
[Opening "KGA: Kieseritsky, Kolisch defense"]
[ECO "C39"]
[Time "15:30:32"]
[TimeControl "2700+45"]

1. e4 e5 2. f4 exf4 3. Nf3 g5 4. h4 g4 5. Ne5 d6 6. Nxg4 Be7 7. d3 Bxh4+ 8. Nf2
Qg5 9. Qf3 Bg3 10. Nc3 Bg4 11. Qxg3 fxg3 12. Bxg5 gxf2+ 13. Kxf2 Nd7 14. Nb5 f6
15. Bd2 Kd8 16. Be2 Bxe2 17. Kxe2 a6 18. Nd4 Ke7 19. Nf5+ Kf7 20. g4 Ne5 21. g5
fxg5 22. Bxg5 Nf6 23. Raf1 Raf8 24. Bxf6 Kxf6 25. Nxd6+ Ke6 26. Rxf8 Rxf8 27.
Rh6+ Kd7 28. Nxb7 Kc8 29. Nc5 Ng4 30. Rxh7 Rf1 {Black resigns} 1-0

[Event "Team 45 45 League T88"]
[Site "Internet Chess Club"]
[Date "2021.05.15"]
[Round "6"]
[White "doudou2011"]
[Black "fireball"]
[Result "0-1"]
[WhiteElo "1490"]
[BlackElo "1535"]
[Opening "King's Indian: fianchetto without c4"]
[ECO "A49"]
[Time "13:01:54"]
[TimeControl "2700+45"]

1. d4 Nf6 2. Nf3 g6 3. g3 b6 4. Bg2 Bb7 5. O-O c5 6. c4 cxd4 7. Nxd4 Bxg2 8.
Kxg2 Bg7 9. Bf4 O-O 10. Nc3 d6 11. Be3 Qc8 12. Qd3 Nbd7 13. b3 Nc5 14. Qc2 Ng4
15. Nd5 Qb7 16. Kg1 Nxe3 17. fxe3 e6 18. Nc3 a6 19. b4 Nd7 20. Ne4 Qc7 21. Qb3
Rac8 22. Rac1 Ne5 23. c5 d5 24. Nd6 Rb8 25. Qa3 Ra8 26. Qa4 b5 27. Qa5 Qxa5 28.
bxa5 Ra7 29. c6 Rc7 30. e4 dxe4 31. Nxe4 Nc4 32. Nc2 Rxc6 33. Nb4 Rcc8 34. Nxa6
Ra8 35. Nc7 Rxa5 36. Nxb5 Ne3 37. Rf3 Nd5 38. Nbd6 Rxa2 39. Ng5 Rxe2 40. Ndxf7
h6 41. Kf1 Re3 {White resigns} 0-1

[Event "Team 45 45 League T88"]
[Site "Internet Chess Club"]
[Date "2021.05.15"]
[Round "6"]
[White "harishbn"]
[Black "Sloggi"]
[Result "1-0"]
[WhiteElo "2010"]
[BlackElo "1936"]
[Opening "Caro-Kann: classical variation"]
[ECO "B18"]
[Time "23:30:49"]
[TimeControl "2700+45"]

1. e4 c6 2. d4 d5 3. Nc3 dxe4 4. Nxe4 Bf5 5. Ng3 Bg6 6. Nf3 Nd7 7. Bd3 e6 8. O-O
Ngf6 9. Bf4 Nd5 10. Bg5 Be7 11. Bxe7 Qxe7 12. Re1 O-O 13. Bxg6 hxg6 14. Qd2 Rad8
15. Rad1 Qf6 16. c4 N5b6 17. b3 Rfe8 18. Ne4 Qe7 19. Qf4 Nf6 20. Nfg5 Nh5 21.
Qh4 f6 22. Nf3 Qf7 23. g4 Nf4 24. g5 Nh5 25. Nc5 Nc8 26. Qg4 Rd6 27. Ne4 Rdd8
28. Nc5 Rd6 29. gxf6 gxf6 30. Nh4 g5 31. Ne4 Rdd8 32. Qxh5 Qxh5 33. Nxf6+ Kf7
34. Nxh5 gxh4 35. Re5 Ne7 36. Nf4 Ng6 37. Nxg6 Kxg6 38. Re4 Kh5 39. Kg2 c5 40.
Re5+ Kg4 41. h3+ Kf4 42. Rxc5 Rg8+ 43. Kf1 Rg6 44. Rh5 Kf3 45. Rxh4 {Black
resigns} 1-0

[Event "Team 45 45 League T88"]
[Site "Internet Chess Club"]
[Date "2021.05.14"]
[Round "6"]
[White "Tufnell"]
[Black "ArturitoGalacti"]
[Result "1/2-1/2"]
[WhiteElo "1845"]
[BlackElo "1808"]
[Opening "Caro-Kann: classical, Spassky variation"]
[ECO "B19"]
[Time "16:00:37"]
[TimeControl "2700+45"]

1. e4 c6 2. d4 d5 3. Nd2 dxe4 4. Nxe4 Bf5 5. Ng3 Bg6 6. h4 h6 7. Nf3 Nd7 8. h5
Bh7 9. Bd3 Bxd3 10. Qxd3 Qc7 11. Bd2 e6 12. O-O-O Ngf6 13. Ne4 O-O-O 14. g3 Nxe4
15. Qxe4 Nf6 16. Qe2 Bd6 17. c4 c5 18. Bc3 cxd4 19. Nxd4 a6 20. Kb1 Rd7 21. Rc1
Kb8 22. Nb3 Qc6 23. Rh4 Rhd8 24. c5 Bc7 25. Ba5 Qb5 26. Bxc7+ Rxc7 27. Qxb5 axb5
28. Nd4 Rd5 29. Nxb5 Rcxc5 30. Rxc5 Rxc5 31. Nd6 Rc7 32. Ne4 Rc4 33. Nxf6 Rxh4
34. Nd7+ Kc7 35. gxh4 Kxd7 36. Kc2 Kd6 37. Kd3 Kd5 38. a4 Kc5 39. Kc3 e5 40. b4+
Kd5 41. a5 e4 42. b5 Kc5 43. a6 bxa6 44. bxa6 Kb6 45. Kd4 Kxa6 46. Kxe4 Kb6 47.
Ke5 Kc7 48. f4 Kd7 49. Kd5 {Game drawn by mutual agreement} 1/2-1/2

[Event "Team 45 45 League T88"]
[Site "Internet Chess Club"]
[Date "2021.05.15"]
[Round "6"]
[White "gera-carp75"]
[Black "room-matt"]
[Result "0-1"]
[WhiteElo "1860"]
[BlackElo "1862"]
[Opening "Giuoco Piano"]
[ECO "C54"]
[Time "09:11:10"]
[TimeControl "2700+45"]

1. e4 e5 2. Nf3 Nc6 3. Bc4 Bc5 4. c3 Nf6 5. d3 d6 6. Bb3 a6 7. Nbd2 O-O 8. O-O
h6 9. Re1 Be6 10. h3 Ba7 11. Nf1 Qd7 12. Ng3 Rad8 13. Bc2 Rfe8 14. d4 exd4 15.
cxd4 d5 16. e5 Ne4 17. Nh5 Bf5 18. Be3 Nb4 19. Bb1 Qb5 20. Nh4 Bd7 21. f3 Ng5
22. a3 Nc6 23. Qd2 Qb6 24. Bxg5 Qxd4+ 25. Kh1 Qxd2 26. Bxd2 Bf2 27. Nf5 Bxe1 28.
Bxe1 Rxe5 29. Bh4 Bxf5 30. Bxf5 Rxf5 31. Bxd8 Nxd8 32. Re1 Ne6 33. Ng3 Rg5 34.
Kh2 d4 35. Ne4 Rd5 36. Kg3 c5 37. f4 d3 38. Rd1 b5 39. Kf3 c4 40. g4 f5 41. Nc3
Rd4 42. Ke3 Rxf4 {White resigns} 0-1

[Event "Team 45 45 League T88"]
[Site "Internet Chess Club"]
[Date "2021.05.16"]
[Round "6"]
[White "fhunfi"]
[Black "MathBandit"]
[Result "1/2-1/2"]
[WhiteElo "1715"]
[BlackElo "1689"]
[Opening "Sicilian: closed, 2...Nc6"]
[ECO "B23"]
[Time "21:00:23"]
[TimeControl "2700+45"]

1. e4 c5 2. Nc3 Nc6 3. Bb5 a6 4. Bxc6 dxc6 5. f4 Nf6 6. Nf3 Bg4 7. d3 e6 8. Be3
Be7 9. O-O O-O 10. Qe1 Qe8 11. h3 Bxf3 12. Rxf3 b5 13. Qf2 b4 14. Na4 c4 15. Nc5
cxd3 16. cxd3 Nd7 17. Rc1 a5 18. Qc2 Nxc5 19. Bxc5 Bxc5+ 20. Qxc5 Qd7 21. Rc4
Rfc8 22. Rg3 Qa7 23. Kf2 Qxc5+ 24. Rxc5 Ra6 25. Ke3 Kf8 26. d4 Rd8 27. f5 exf5
28. Rxf5 Ra7 29. Rc5 Rad7 30. Rc4 c5 31. d5 Rc8 32. Kf4 g6 33. Rd3 Ke7 34. e5 f6
35. b3 a4 36. g4 Ra7 37. exf6+ Kxf6 38. Re4 g5+ 39. Kg3 axb3 40. axb3 Rd7 41.
Rf3+ Kg7 42. Rf5 h6 43. h4 gxh4+ 44. Kxh4 Rcd8 45. Ree5 Ra8 46. g5 hxg5+ 47.
Rxg5+ Kf7 48. Ref5+ Ke7 49. Rg7+ Kd6 50. Rf6+ Ke5 51. Rxd7 Kxf6 52. Rc7 {Game
drawn by mutual agreement} 1/2-1/2

[Event "Team 45 45 League T88"]
[Site "Internet Chess Club"]
[Date "2021.05.16"]
[Round "6"]
[White "janh"]
[Black "cadmiumorange"]
[Result "1/2-1/2"]
[WhiteElo "1958"]
[BlackElo "1790"]
[Opening "Queen's pawn: Chigorin variation"]
[ECO "D00"]
[Time "14:01:11"]
[TimeControl "2700+45"]

1. d4 d5 2. Nc3 Nc6 3. Bf4 Bg4 4. f3 Bh5 5. g4 Bg6 6. h4 h5 7. g5 e5 8. Bxe5
Nxe5 9. dxe5 d4 10. Nb1 Bb4+ 11. Nd2 Qd5 12. a3 Ba5 13. b4 Qxe5 14. Kf2 Bb6 15.
Nc4 Qe7 16. Nxb6 Qe3+ 17. Kg3 axb6 {Game drawn by mutual agreement} 1/2-1/2

[Event "Team 45 45 League T88"]
[Site "Internet Chess Club"]
[Date "2021.05.13"]
[Round "6"]
[White "zugknightly"]
[Black "achessman"]
[Result "1/2-1/2"]
[WhiteElo "1911"]
[BlackElo "1865"]
[Opening "Neo-Grünfeld, 6.O-O, main line"]
[ECO "A11"]
[Time "21:06:03"]
[TimeControl "2700+45"]

1. c4 c6 2. g3 d5 3. Bg2 g6 4. Nf3 Bg7 5. cxd5 cxd5 6. O-O Nf6 7. d4 O-O 8. Nc3
Nc6 9. a3 b6 10. h3 Bb7 11. b4 {Game drawn by mutual agreement} 1/2-1/2

[Event "Team 45 45 League T88"]
[Site "Internet Chess Club"]
[Date "2021.05.14"]
[Round "6"]
[White "ANGELLR"]
[Black "hipopotamos"]
[Result "1-0"]
[WhiteElo "1869"]
[BlackElo "1690"]
[Opening "Queen's pawn, Mason variation"]
[ECO "D00"]
[Time "19:01:15"]
[TimeControl "2700+45"]

1. d4 d5 2. Bf4 Bf5 3. e3 Nf6 4. c4 e6 5. Nc3 Be7 6. Qb3 b6 7. h3 O-O 8. Nf3 c5
9. Rd1 Nc6 10. cxd5 Na5 11. Qa4 exd5 12. dxc5 Bxc5 13. b4 Bd7 14. Qa3 Be7 15.
Bg5 Nc6 16. Bxf6 Bxf6 17. Nxd5 Be6 18. Nxf6+ Qxf6 19. Be2 Qe7 20. Nd4 Nxb4 21.
O-O a5 22. Rd2 Rfd8 23. Rfd1 Qf6 24. Qa4 Rac8 25. a3 Nd5 26. Nxe6 fxe6 27. Bf3
Rf8 28. Bxd5 exd5 29. Qb5 Rcd8 30. Qb2 Qe6 31. Rb1 Rf6 32. Qd4 Rg6 33. Kh1 Rxg2
34. Kxg2 Qg6+ 35. Qg4 Qxb1 36. Qe6+ Kf8 37. Rd4 Qg6+ 38. Qxg6 hxg6 39. e4 Ke7
40. exd5 Kf6 41. f4 g5 42. Kg3 gxf4+ 43. Kxf4 g5+ 44. Ke4 Rh8 45. d6 Rxh3 46.
Kd5 Rh8 47. Kc6 Ke5 48. Rd5+ Ke6 49. Rxg5 Rc8+ 50. Kb7 Rd8 51. Rg6+ Kf7 52. Kc7
Ra8 53. Rh6 Kg7 54. Rh3 Kf6 55. Re3 b5 56. d7 Ra7+ 57. Kc6 Ra6+ 58. Kb7 Rd6 59.
Kc7 Rxd7+ 60. Kxd7 b4 61. axb4 axb4 62. Kd6 Kf5 63. Kd5 Kf4 64. Rb3 Kg5 65. Ke5
Kg4 66. Rxb4+ Kg3 67. Kf5 Kf3 68. Rb3+ Ke2 69. Kf4 Kd2 70. Ke4 Kc2 71. Rh3 Kd2
72. Rg3 Kc2 73. Kd4 Kb2 74. Kc4 Ka2 75. Kb4 Kb2 76. Rg2+ Kc1 77. Kb3 Kd1 78. Kc3
Ke1 79. Kd3 Kf1 80. Ra2 Ke1 81. Rb2 Kf1 82. Ke3 Kg1 83. Kf3 Kh1 84. Kg3 Kg1 85.
Rb1# {Black checkmated} 1-0

[Event "Team 45 45 League T88"]
[Site "Internet Chess Club"]
[Date "2021.05.15"]
[Round "6"]
[White "justice02"]
[Black "Portola"]
[Result "1-0"]
[WhiteElo "1671"]
[BlackElo "1699"]
[Opening "French: advance, Euwe variation"]
[ECO "C02"]
[Time "17:00:38"]
[TimeControl "2700+45"]

1. e4 e6 2. d4 d5 3. e5 c5 4. c3 Nc6 5. Nf3 Bd7 6. Bd3 cxd4 7. cxd4 Qb6 8. Bc2
Nb4 9. Nc3 Bb5 10. Ba4 Bxa4 11. Qxa4+ Nc6 12. O-O Ne7 13. Qb5 Qa6 14. Qxa6 bxa6
15. a3 Nf5 16. Rd1 Be7 17. Ne2 O-O 18. Bd2 Rfc8 19. Rac1 Bd8 20. Rc2 h6 21. Rdc1
Nfe7 22. b4 Bb6 23. a4 a5 24. b5 Nb4 25. Rxc8+ Rxc8 26. Rxc8+ Nxc8 27. Bxb4 axb4
28. Nd2 Ne7 29. Nb3 Nf5 30. Kf1 Kf8 31. g3 Ke8 32. Ke1 Kd8 33. Kd2 Ke7 34. Kd3
f6 35. f4 fxe5 36. fxe5 g5 37. Nec1 h5 38. Na2 g4 39. Nxb4 h4 40. gxh4 Nxh4 41.
a5 Bc7 42. Nc6+ Kf7 43. Nxa7 Nf3 44. b6 Bb8 45. Nc6 Nxh2 46. Nxb8 g3 47. Ke2
{Black resigns} 1-0

[Event "Team 45 45 League T88"]
[Site "Internet Chess Club"]
[Date "2021.05.15"]
[Round "6"]
[White "MacroPawn"]
[Black "fishhead"]
[Result "1-0"]
[WhiteElo "1848"]
[BlackElo "1737"]
[Opening "English, 1...Nf6 (Anglo-Indian defense)"]
[ECO "A15"]
[Time "18:06:52"]
[TimeControl "2700+45"]

1. c4 Nf6 2. g3 g6 3. Nc3 Bg7 4. Bg2 O-O 5. d4 c5 6. d5 d6 7. e4 e6 8. dxe6 Bxe6
9. Nd5 Nc6 10. Ne2 Re8 11. O-O Bg4 12. f3 Be6 13. Rb1 Nd7 14. b3 f5 15. Ndf4
fxe4 16. Nxe6 Rxe6 17. Qd5 Nd4 18. Nxd4 Bxd4+ 19. Kh1 Qe7 20. Bh3 Nf8 21. fxe4
Kg7 22. Bxe6 Nxe6 23. Bb2 Re8 24. Bc1 b6 25. Bf4 Nxf4 26. gxf4 Qxe4+ 27. Qxe4
Rxe4 28. Rbe1 Re3 29. Rxe3 Bxe3 30. Kg2 Kf6 31. Kf3 Bd4 32. Re1 a6 33. a4 Kf7
34. Re4 Bf6 35. Kg4 Bd8 36. Re2 h5+ 37. Kf3 Bc7 38. Ke4 Ke6 39. Rg2 Kf6 40. Kd5
Kf5 41. Kc6 Bd8 42. Kxd6 h4 43. Kd7 Bf6 44. Kc7 Kxf4 45. Rxg6 Be5+ 46. Kxb6 Kf3
47. h3 {Black resigns} 1-0

[Event "Team 45 45 League T88"]
[Site "Internet Chess Club"]
[Date "2021.05.17"]
[Round "6"]
[White "bobhill"]
[Black "Legal"]
[Result "0-1"]
[WhiteElo "1823"]
[BlackElo "1872"]
[Opening "Queen's bishop game"]
[ECO "D02"]
[Time "19:09:20"]
[TimeControl "2700+45"]

1. d4 Nf6 2. Nf3 d5 3. Bf4 e6 4. e3 Bd6 5. Bxd6 Qxd6 6. Bd3 Nbd7 7. O-O O-O 8.
Nbd2 c6 9. c3 e5 10. dxe5 Nxe5 11. Nxe5 Qxe5 12. Nf3 Qh5 13. Nd4 Qe5 14. h3 a5
15. Nf3 Qe7 16. Re1 Ne4 17. Nd2 f5 18. Nxe4 fxe4 19. Bc2 Qg5 20. Kf1 Qg3 21. Re2
b6 22. Kg1 Qg5 23. Kh1 Ra7 24. Qg1 Raf7 25. Ba4 b5 26. Bc2 Qh4 27. Rf1 Rf6 28.
Rd2 g5 29. Bd1 Rh6 30. Qh2 g4 31. Kg1 gxh3 32. g3 Qg5 33. a4 b4 34. cxb4 axb4
35. Bb3 Rhf6 36. f4 exf3 37. e4 Qe3+ 38. Rdf2 Qxb3 39. e5 Rg6 40. a5 Qe3 41. a6
Bxa6 42. Ra1 Bc8 43. Rf1 c5 44. Kh1 d4 45. b3 Bb7 46. g4 Rf4 47. e6 Rfxg4 48.
Qb8+ Kg7 49. Qxb7+ Kh6 50. Qf7 Rg1+ 51. Rxg1 Rxg1+ 52. Kxg1 Qe1+ 53. Rf1 Qg3+
{White resigns} 0-1

[Event "Team 45 45 League T88"]
[Site "Internet Chess Club"]
[Date "2021.05.17"]
[Round "6"]
[White "DeepPoo"]
[Black "filmdirector"]
[Result "1-0"]
[WhiteElo "1775"]
[BlackElo "1614"]
[Opening "Levitsky attack (Queen's bishop attack)"]
[ECO "D00"]
[Time "12:10:49"]
[TimeControl "2700+45"]

1. d4 d5 2. Bg5 h6 3. Bh4 g5 4. Bg3 Bf5 5. e3 e6 6. Nd2 h5 7. h3 h4 8. Bh2 Bd6
9. Bxd6 Qxd6 10. Be2 Nc6 11. Ngf3 Nf6 12. c3 Rg8 13. Qb3 O-O-O 14. Qa4 Kb8 15.
Bb5 Nd7 16. Bxc6 bxc6 17. Nb3 Nb6 18. Qa6 Ka8 19. Ne5 Rb8 20. Na5 Nc4 21. Nexc6
Qxc6 22. Qxc6+ {Black resigns} 1-0

[Event "Team 45 45 League T88"]
[Site "Internet Chess Club"]
[Date "2021.05.22"]
[Round "6"]
[White "Kingfisher75"]
[Black "ascoli"]
[Result "1/2-1/2"]
[WhiteElo "1576"]
[BlackElo "1630"]
[Opening "French: exchange variation"]
[ECO "C01"]
[Time "09:06:16"]
[TimeControl "2700+45"]

1. e4 e6 2. d4 d5 3. exd5 exd5 4. Nf3 Bd6 5. c4 Nf6 6. Bd3 O-O 7. O-O dxc4 8.
Bxc4 c6 9. Nc3 Nbd7 10. Re1 Nb6 11. Bd3 Nbd5 12. Bg5 Be6 13. a3 Qb6 14. Qc2 h6
15. Bd2 Rad8 16. Na4 Qc7 17. Nc5 Bg4 18. Ne5 Rfe8 19. f4 b6 20. Ne4 Nxe4 21.
Bxe4 Bxe5 22. fxe5 Be6 23. Rac1 Ne7 24. Be3 Bd5 25. Bh7+ Kh8 26. Bd3 Qc8 27. Bc4
Qg4 28. Qe2 Qg6 29. Bd3 Qe6 30. Rf1 Bb3 31. Be4 Nd5 32. Qf3 Nxe3 33. Qxe3 Bc4
34. Bf5 Qd5 35. Be4 Qxd4 36. Qxd4 Rxd4 37. Bxc6 Rxe5 38. Rf2 Rc5 39. Bf3 Bd5 40.
Rxc5 bxc5 41. Bxd5 Rxd5 42. Rxf7 {Game drawn by mutual agreement} 1/2-1/2

[Event "Team 45 45 League T88"]
[Site "Internet Chess Club"]
[Date "2021.05.15"]
[Round "6"]
[White "harrington"]
[Black "primerpaso"]
[Result "1-0"]
[WhiteElo "1544"]
[BlackElo "1827"]
[Opening "Sicilian: Najdorf, Byrne (English) attack"]
[ECO "B90"]
[Time "14:10:02"]
[TimeControl "2700+45"]

1. e4 c5 2. Nf3 d6 3. d4 cxd4 4. Nxd4 Nf6 5. Nc3 a6 6. Be3 e5 7. Nb3 Be6 8. f3
Nbd7 9. Be2 Qc7 10. Qd2 Be7 11. g4 h6 12. O-O-O b5 13. h4 b4 14. Nd5 Bxd5 15.
exd5 Nb6 16. g5 hxg5 17. hxg5 Rxh1 18. Rxh1 Nfxd5 19. Rh8+ Bf8 20. Bxb6 Nxb6 21.
Qxb4 Nd7 22. Qe4 Qa7 23. Kb1 a5 24. a4 Rc8 25. Qd5 Nc5 26. Qxd6 Ne6 27. Bb5+
{Black resigns} 1-0

[Event "Team 45 45 League T88"]
[Site "Internet Chess Club"]
[Date "2021.05.15"]
[Round "6"]
[White "andrew37"]
[Black "Electryon"]
[Result "0-1"]
[WhiteElo "1628"]
[BlackElo "1407"]
[Opening "Dutch: classical variation"]
[ECO "A96"]
[Time "17:03:55"]
[TimeControl "2700+45"]

1. Nf3 e6 2. c4 f5 3. g3 Nf6 4. Bg2 Be7 5. O-O O-O 6. d4 d6 7. Nc3 Ne4 8. Qc2
Nxc3 9. Qxc3 a5 10. b3 Nc6 11. Bb2 Bf6 12. Rfe1 e5 13. dxe5 Nxe5 14. Qc2 Nxf3+
15. Bxf3 Bxb2 16. Qxb2 Qf6 17. Qd2 f4 18. Rad1 fxg3 19. hxg3 Ra7 20. Qd4 Qxd4
21. Rxd4 b6 22. Bd5+ Kh8 23. Rh4 Bb7 24. e4 Bxd5 25. exd5 Kg8 26. Re7 Rf7 27.
Rxf7 Kxf7 28. Rxh7 Ra8 29. Rh4 Re8 30. Rf4+ Kg6 31. Kf1 Re7 32. f3 Re3 33. Kf2
Rc3 34. Re4 Kf6 35. Re2 g5 36. Re6+ Kf7 37. g4 Rc2+ 38. Re2 Rc3 39. Rd2 Kf6 40.
Re2 Kf7 41. Kg2 Rd3 42. Rc2 a4 43. bxa4 Ra3 44. Kf2 Kf6 45. a5 Rxa5 46. Ke3 Ke5
47. Re2 Ra3+ 48. Kf2+ Kf6 49. Re6+ Kf7 50. Re2 Rc3 51. Re4 Rc2+ 52. Re2 Rxc4 53.
Rd2 Rc3 54. Ke2 Kf6 55. Rd3 Rxd3 56. Kxd3 Ke5 57. Ke3 Kxd5 58. f4 gxf4+ 59. Kxf4
Ke6 60. Kg5 Kf7 61. Kf5 {White resigns} 0-1

[Event "Team 45 45 League T88"]
[Site "Internet Chess Club"]
[Date "2021.05.14"]
[Round "6"]
[White "tryanything"]
[Black "MartyJR"]
[Result "1/2-1/2"]
[WhiteElo "1460"]
[BlackElo "1536"]
[Opening "Sicilian: closed, 2...Nc6"]
[ECO "B23"]
[Time "19:48:56"]
[TimeControl "2700+45"]

1. e4 c5 2. Nc3 Nc6 3. Bb5 g6 4. Bxc6 dxc6 5. f4 Bg7 6. Nf3 Nf6 7. O-O O-O 8. d3
Bg4 9. Qe1 Re8 10. Be3 Bxf3 11. Rxf3 b6 12. f5 Ng4 13. Qh4 Nxe3 14. fxg6 fxg6
15. Rh3 h6 16. Rxe3 g5 17. Qh3 Qd6 18. Kh1 Bd4 19. Rf3 Rf8 20. Raf1 Rxf3 21.
Qxf3 Bf6 22. e5 Qxe5 23. Qxc6 Rf8 24. Ne4 Bg7 25. Rxf8+ Bxf8 26. Qg6+ Kh8 27. c3
Qf4 28. h3 Qc1+ 29. Kh2 Qf4+ 30. Kh1 Qe5 31. Qf7 Bg7 32. b3 Kh7 33. g4 Kh8 34.
Kg2 Qc7 35. Qe8+ Kh7 36. Qf7 Qe5 37. Qf5+ Qxf5 38. gxf5 Be5 39. Kf3 Kg7 40. c4
Bd4 41. Kg4 Bb2 42. Kh5 Be5 43. Kg4 Bb2 44. h4 gxh4 45. Kxh4 Be5 46. Kh5 Bb2 47.
a4 Be5 48. a5 Bf4 49. axb6 axb6 50. Nc3 Bg5 51. Nd5 Bd2 52. Nxe7 Kf6 53. Nd5+
Kxf5 54. Nxb6 Ke5 55. Nd7+ Kd4 56. Kg6 Bb4 57. Kxh6 Kxd3 58. Kg6 Kc3 59. Kf5
Kxb3 60. Ke4 Kxc4 61. Nxc5 {Game drawn because neither player has mating
material} 1/2-1/2

[Event "Team 45 45 League T88"]
[Site "Internet Chess Club"]
[Date "2021.05.15"]
[Round "6"]
[White "goldeen7"]
[Black "clarinetref"]
[Result "1/2-1/2"]
[WhiteElo "1334"]
[BlackElo "1483"]
[Opening "Sicilian, Chekhover variation"]
[ECO "B53"]
[Time "15:01:17"]
[TimeControl "2700+45"]

1. e4 c5 2. Nf3 d6 3. d4 cxd4 4. Qxd4 a6 5. Nc3 Nc6 6. Qd3 g6 7. Be3 Bg7 8.
O-O-O Nf6 9. Nd4 Ne5 10. Qe2 Qc7 11. Kb1 Neg4 12. Bg5 h6 13. Bxf6 Bxf6 14. f3
Ne5 15. Qf2 Bd7 16. Be2 b5 17. Nd5 Qc5 18. Nxf6+ exf6 19. Rhf1 Rc8 20. Bd3 Nc6
21. Nxc6 Rxc6 22. Qxc5 dxc5 23. Be2 Be6 24. Rd2 O-O 25. Rfd1 Kg7 26. Rd6 Rfc8
27. b3 c4 28. bxc4 bxc4 29. c3 a5 30. Rxc6 Rxc6 31. Rd4 a4 32. Kb2 f5 33. exf5
gxf5 {Game drawn by mutual agreement} 1/2-1/2

[Event "Team 45 45 League T88"]
[Site "Internet Chess Club"]
[Date "2021.05.15"]
[Round "6"]
[White "Timmah4651"]
[Black "cayo89"]
[Result "0-1"]
[WhiteElo "1567"]
[BlackElo "1521"]
[Opening "Réti opening"]
[ECO "A04"]
[Time "07:00:57"]
[TimeControl "2700+45"]

1. Nf3 d6 2. g3 e5 3. d3 Nf6 4. Bg2 Be7 5. b4 c6 6. c4 Nbd7 7. O-O O-O 8. a4 Qc7
9. a5 Rb8 10. Be3 b6 11. Qa4 b5 12. Qc2 bxc4 13. dxc4 Rxb4 14. Ra4 Rxa4 15. Qxa4
Ba6 16. Nbd2 Rb8 17. Rb1 Rxb1+ 18. Nxb1 d5 19. cxd5 cxd5 20. Qa2 Bc4 21. Qb2 d4
22. Bg5 h6 23. Bc1 Bxe2 24. Na3 Ba6 25. Bd2 Qc5 26. Nc2 Bd8 27. Nh4 Bxa5 28.
Bxa5 Qxa5 29. Nf5 Qc5 30. Qa2 Bd3 31. Nxh6+ gxh6 32. Bh3 Qxc2 33. Qxa7 Qd1+
{White resigns} 0-1

[Event "Team 45 45 League T88"]
[Site "Internet Chess Club"]
[Date "2021.05.16"]
[Round "6"]
[White "liujf"]
[Black "Grenadier"]
[Result "0-1"]
[WhiteElo "1574"]
[BlackElo "1588"]
[Opening "Queen's pawn: London system"]
[ECO "A45"]
[Time "09:04:12"]
[TimeControl "2700+45"]

1. d4 Nf6 2. Bf4 d6 3. Nc3 Bf5 4. Nf3 Nbd7 5. Nh4 Bg6 6. Nxg6 hxg6 7. e4 Nh5 8.
Be3 e5 9. Bc4 Be7 10. Qf3 O-O 11. Nd5 Bg5 12. O-O-O exd4 13. Rxd4 Ne5 14. Qe2
Nxc4 15. Rxc4 c6 16. Bxg5 Qxg5+ 17. Ne3 Rad8 18. Kb1 Qb5 19. Re1 Rfe8 20. Rd4
Qb6 21. Red1 d5 22. exd5 cxd5 23. Rxd5 Rxd5 24. Rxd5 Nf4 25. Qb5 Qe6 26. Rd1 Qe7
27. Rd7 Qe4 28. Qxb7 Qe6 29. Rd1 Qe5 30. Qxa7 Rb8 31. Qd4 Qb5 32. Kc1 Ne2+ 33.
Kd2 Nxd4 {White resigns} 0-1